| TOP OF THE 1ST |
|
Syracuse Chiefs batting - Pitching for New Orleans Zephyrs : RHP Nick Newmaster
|
|
Pitching: RHP Nick Newmaster
|
|
|
Batting: RHB Rafael Medina
|
0-0: Ground out 4-3 (Groundball, 4, EV 89.4 MPH)
|
|
Batting: LHB Pat Aviles
|
0-0: Foul Ball, location: 2F 0-1: Ball 1-1: Ball 2-1: Foul Ball, location: 2F 2-2: DOUBLE (Flyball, 7LD, EV 110.0 MPH)
|
|
Batting: RHB Antonio Laurel
|
0-0: Foul Ball, location: 2F 0-1: Called Strike Pat Aviles steals 3rd base 0-2: Ball 1-2: Ball 2-2: Ball 3-2: SINGLE (Groundball, 6D, EV 103.8 MPH) Pat Aviles scores
|
|
Batting: LHB Alexis Cantu
|
0-0: Fly out, F8 (Line Drive, 8RD, EV 101.9 MPH)
|
|
Batting: RHB Kevin Whitenack
|
0-0: Ball 1-0: Ball 2-0: Called Strike 2-1: Ball 3-1: Ground out U3 (Groundball, 3, EV 106.9 MPH)
|
| Top of the 1st over - 1 run, 2 hits, 0 errors, 1 left on base; Syracuse 1 - New Orleans 0 |
| BOTTOM OF THE 1ST |
|
New Orleans Zephyrs batting - Pitching for Syracuse Chiefs : RHP Chris Wood
|
|
Pitching: RHP Chris Wood
|
|
|
Batting: LHB David Doge
|
0-0: SINGLE (Groundball, 4MD, EV 100.0 MPH) (infield hit)
|
|
Batting: RHB Rick Fell
|
0-0: Called Strike 0-1: Called Strike 0-2: Ball 1-2: Foul Ball, location: 2F 1-2: Strikes out swinging
|
|
Batting: RHB Manuel Taveras
|
0-0: Called Strike 0-1: Fly out, F8 (Flyball, 8RM, EV 90.6 MPH)
|
|
Batting: RHB Adam McGurn
|
0-0: Ball 1-0: Ground out 5-3 (Groundball, 56S, EV 91.9 MPH)
|
| Bottom of the 1st over - 0 runs, 1 hit, 0 errors, 1 left on base; Syracuse 1 - New Orleans 0 |
| TOP OF THE 2ND |
|
Syracuse Chiefs batting - Pitching for New Orleans Zephyrs : RHP Nick Newmaster
|
|
Batting: LHB Kyung-jin Cho
|
0-0: Ball 1-0: Fly out, F1 (Line Drive, P, EV 66.2 MPH)
|
|
Batting: RHB Steve Perez
|
0-0: Swinging Strike 0-1: Called Strike 0-2: Strikes out swinging
|
|
Batting: RHB Jim Miske
|
0-0: Ball 1-0: Called Strike 1-1: Ball 2-1: Ball 3-1: Foul Ball, location: 2F 3-2: Base on Balls
|
|
Batting: LHB Tom Reynolds
|
0-0: Called Strike 0-1: Ball Jim Miske steals 2nd, throwing error, E2 Jim Miske to third 1-1: Ball 2-1: Ball 3-1: Called Strike 3-2: Strikes out looking
|
| Top of the 2nd over - 0 runs, 0 hits, 1 error, 1 left on base; Syracuse 1 - New Orleans 0 |
| BOTTOM OF THE 2ND |
|
New Orleans Zephyrs batting - Pitching for Syracuse Chiefs : RHP Chris Wood
|
|
Batting: LHB Eric Bailey
|
0-0: Called Strike 0-1: Ball 1-1: Swinging Strike 1-2: Foul Ball, location: 2F 1-2: Foul Ball, location: 2F 1-2: Foul Ball, location: 2F 1-2: Ground out U3 (Groundball, 3L, EV 83.1 MPH)
|
|
Batting: RHB Jack Power
|
0-0: Called Strike 0-1: Ball 1-1: Foul Ball, location: 2F 1-2: SINGLE (Groundball, 4MD, EV 96.2 MPH)
|
|
Batting: SHB Jordan Barragan
|
0-0: SINGLE (Groundball, 4M, EV 103.1 MPH) (infield hit) Jack Power to second
|
|
Batting: RHB Torquato Obawole
|
0-0: Swinging Strike 0-1: Ball 1-1: Swinging Strike 1-2: Foul Ball, location: 2F 1-2: Ball 2-2: Foul Ball, location: 2F 2-2: Strikes out looking
|
|
Batting: RHB Masumitsu Sugiura
|
0-0: Ball 1-0: SINGLE (Groundball, 6MD, EV 103.8 MPH) Jack Power to third Jordan Barragan to second
|
|
Batting: LHB David Doge
|
0-0: Ball 1-0: Called Strike 1-1: Foul Ball, location: 2F 1-2: Ground out 4-3 (Groundball, 34, EV 101.2 MPH)
|
| Bottom of the 2nd over - 0 runs, 3 hits, 0 errors, 3 left on base; Syracuse 1 - New Orleans 0 |
| TOP OF THE 3RD |
|
Syracuse Chiefs batting - Pitching for New Orleans Zephyrs : RHP Nick Newmaster
|
|
Batting: RHB Rafael Medina
|
0-0: Ball 1-0: Foul Ball, location: 2F 1-1: TRIPLE (Flyball, 78XD, EV 94.4 MPH)
|
|
Batting: LHB Pat Aviles
|
0-0: Called Strike 0-1: Ball 1-1: Ball 2-1: Foul Ball, location: 2F 2-2: Foul Ball, location: 2F 2-2: Ball 3-2: SINGLE (Line Drive, 6D, EV 95.0 MPH) Rafael Medina scores
|
|
Batting: RHB Antonio Laurel
|
0-0: Fly out, F7 (Flyball, 7LM, EV 96.9 MPH)
|
|
Batting: LHB Alexis Cantu
|
0-0: Called Strike Pat Aviles steals 2nd base 0-1: Swinging Strike 0-2: Foul Ball, location: 2F 0-2: Ball 1-2: Strikes out swinging
|
|
Batting: RHB Kevin Whitenack
|
0-0: Called Strike 0-1: 2-RUN HOME RUN (Line Drive, 8RXD, EV 116.2 MPH), Distance : 454 ft
|
|
Batting: LHB Kyung-jin Cho
|
0-0: Ball 1-0: Ball 2-0: Ball 3-0: Base on Balls
|
|
Batting: RHB Steve Perez
|
0-0: Ball 1-0: Called Strike 1-1: Foul Ball, location: 2F 1-2: Strikes out swinging
|
| Top of the 3rd over - 3 runs, 3 hits, 0 errors, 1 left on base; Syracuse 4 - New Orleans 0 |
| BOTTOM OF THE 3RD |
|
New Orleans Zephyrs batting - Pitching for Syracuse Chiefs : RHP Chris Wood
|
|
Batting: RHB Rick Fell
|
0-0: Called Strike 0-1: Called Strike 0-2: Strikes out swinging
|
|
Batting: RHB Manuel Taveras
|
0-0: Ball 1-0: Ball 2-0: Ball 3-0: Foul Ball, location: 2F 3-1: SINGLE (Groundball, 6D, EV 96.2 MPH)
|
|
Batting: RHB Adam McGurn
|
0-0: Ball Wild Pitch! Manuel Taveras to second 1-0: Swinging Strike 1-1: Foul Ball, location: 2F 1-2: Foul Ball, location: 2F 1-2: Foul Ball, location: 2F 1-2: Ball 2-2: Foul Ball, location: 2F 2-2: Ball 3-2: 2-RUN HOME RUN (Flyball, 8RXD, EV 106.2 MPH), Distance : 438 ft
|
|
Batting: LHB Eric Bailey
|
0-0: Ball 1-0: Ball 2-0: Ball 3-0: Base on Balls
|
|
Batting: RHB Jack Power
|
0-0: Ball 1-0: Fly out, F9 (Flyball, 9, EV 88.1 MPH)
|
|
Batting: SHB Jordan Barragan
|
0-0: Ball Eric Bailey steals 2nd base 1-0: SINGLE (Line Drive, 78S, EV 86.9 MPH) Eric Bailey to third Runner from 3rd tries for Home, SAFE, throw by LF to home
|
|
Batting: RHB Torquato Obawole
|
0-0: Called Strike 0-1: Ball Jordan Barragan is caught stealing 2nd base 2-4
|
| Bottom of the 3rd over - 3 runs, 3 hits, 0 errors, 0 left on base; Syracuse 4 - New Orleans 3 |
| TOP OF THE 4TH |
|
Syracuse Chiefs batting - Pitching for New Orleans Zephyrs : RHP Nick Newmaster
|
|
Batting: RHB Jim Miske
|
0-0: Ball 1-0: Swinging Strike 1-1: Ball 2-1: Swinging Strike 2-2: Foul Ball, location: 2F 2-2: Strikes out swinging
|
|
Batting: LHB Tom Reynolds
|
0-0: Ball 1-0: Foul Ball, location: 2F 1-1: Ball 2-1: Called Strike 2-2: Ball 3-2: Ground out 4-3 (Groundball, 4, EV 100.6 MPH)
|
|
Batting: RHB Rafael Medina
|
0-0: Called Strike 0-1: Ball 1-1: Ball 2-1: Ground out 1-3 (Groundball, P, EV 68.1 MPH)
|
| Top of the 4th over - 0 runs, 0 hits, 0 errors, 0 left on base; Syracuse 4 - New Orleans 3 |
| BOTTOM OF THE 4TH |
|
New Orleans Zephyrs batting - Pitching for Syracuse Chiefs : RHP Chris Wood
|
|
Batting: RHB Torquato Obawole
|
0-0: SINGLE (Groundball, 56, EV 96.2 MPH) (infield hit)
|
|
Batting: RHB Masumitsu Sugiura
|
0-0: Called Strike Torquato Obawole steals 2nd base 0-1: SINGLE (Groundball, 13S, EV 70.0 MPH) (infield hit) Torquato Obawole to third
|
|
Batting: LHB David Doge
|
0-0: Ball 1-0: Fly out, F8 (Flyball, 8RM, EV 95.6 MPH) Runner from 3rd tags up, OUT at HOME! 8-2 Masumitsu Sugiura to second
|
|
Batting: RHB Rick Fell
|
0-0: Called Strike 0-1: Ball 1-1: Foul Ball, location: 2F 1-2: Strikes out swinging
|
| Bottom of the 4th over - 0 runs, 2 hits, 0 errors, 1 left on base; Syracuse 4 - New Orleans 3 |
| TOP OF THE 5TH |
|
Syracuse Chiefs batting - Pitching for New Orleans Zephyrs : RHP Nick Newmaster
|
|
Batting: LHB Pat Aviles
|
0-0: Called Strike 0-1: Foul Ball, location: 2F 0-2: Ball 1-2: Ball 2-2: Ground out 4-3 (Groundball, 4, EV 84.4 MPH)
|
|
Batting: RHB Antonio Laurel
|
0-0: Ball 1-0: Foul Ball, location: 2F 1-1: SINGLE (Groundball, 56D, EV 107.5 MPH)
|
|
Batting: LHB Alexis Cantu
|
0-0: Called Strike 0-1: Foul Ball, location: 2F 0-2: Ball 1-2: Ball 2-2: Fly out, F8 (Flyball, 8LD, EV 99.4 MPH)
|
|
Batting: RHB Kevin Whitenack
|
0-0: Ball 1-0: Ball 2-0: Ball 3-0: Called Strike 3-1: DOUBLE (Line Drive, 7LS, EV 104.4 MPH) Antonio Laurel to third
|
|
Batting: LHB Kyung-jin Cho
|
0-0: Called Strike 0-1: Ball Wild Pitch! Antonio Laurel scores Kevin Whitenack to third 1-1: Ball 2-1: SINGLE (Groundball, 34D, EV 105.6 MPH) Kevin Whitenack scores
|
|
Pitching: RHP Alberto Negrete
|
|
|
Batting: RHB Steve Perez
|
0-0: Ball 1-0: Swinging Strike 1-1: Ball 2-1: Fielders Choice at 2nd, 5-4 (Groundball, 56, EV 82.5 MPH)
|
| Top of the 5th over - 2 runs, 3 hits, 0 errors, 1 left on base; Syracuse 6 - New Orleans 3 |
| BOTTOM OF THE 5TH |
|
New Orleans Zephyrs batting - Pitching for Syracuse Chiefs : RHP Chris Wood
|
|
Batting: RHB Manuel Taveras
|
0-0: Ball 1-0: Ball 2-0: Ball 3-0: Base on Balls
|
|
Batting: RHB Adam McGurn
|
0-0: Ball 1-0: Ball 2-0: Called Strike 2-1: Foul Ball, location: 2F 2-2: Fly out, F9 (Flyball, 89XD, EV 100.0 MPH)
|
|
Batting: LHB Eric Bailey
|
0-0: Ball 1-0: Swinging Strike 1-1: Ball 2-1: Foul Ball, location: 2F 2-2: 2-RUN HOME RUN (Flyball, 89XD, EV 111.2 MPH), Distance : 450 ft
|
|
Pitching: RHP Ruben Nevarel
|
|
|
Batting: RHB Jack Power
|
0-0: Ball 1-0: Called Strike 1-1: Foul Ball, location: 2F 1-2: Foul Ball, location: 2F 1-2: Fly out, F8 (Flyball, 8RXD, EV 79.4 MPH)
|
|
Batting: SHB Jordan Barragan
|
0-0: Ball 1-0: Foul Ball, location: 2F 1-1: Swinging Strike 1-2: Ball 2-2: Foul Ball, location: 2F 2-2: Fly out, F8 (Line Drive, 8LD, EV 98.8 MPH)
|
| Bottom of the 5th over - 2 runs, 1 hit, 0 errors, 0 left on base; Syracuse 6 - New Orleans 5 |
| TOP OF THE 6TH |
|
Syracuse Chiefs batting - Pitching for New Orleans Zephyrs : RHP Alberto Negrete
|
|
Batting: RHB Jim Miske
|
0-0: Ball 1-0: Ball 2-0: Ball 3-0: Base on Balls
|
|
Batting: LHB Tom Reynolds
|
0-0: Ball 1-0: Called Strike 1-1: Called Strike 1-2: Ball 2-2: Grounds into double play, 6-4-3 (Groundball, 6, EV 89.4 MPH)
|
|
Batting: RHB Rafael Medina
|
0-0: Called Strike 0-1: Ball 1-1: Swinging Strike 1-2: Ball 2-2: Ground out 6-3 (Groundball, 6, EV 106.2 MPH)
|
| Top of the 6th over - 0 runs, 0 hits, 0 errors, 0 left on base; Syracuse 6 - New Orleans 5 |
| BOTTOM OF THE 6TH |
|
New Orleans Zephyrs batting - Pitching for Syracuse Chiefs : RHP Ruben Nevarel
|
|
Batting: RHB Torquato Obawole
|
0-0: Ball 1-0: Fly out, F7 (Flyball, 78S, EV 95.6 MPH)
|
|
Batting: RHB Masumitsu Sugiura
|
0-0: SINGLE (Groundball, 34D, EV 98.8 MPH)
|
|
Batting: LHB David Doge
|
0-0: Called Strike 0-1: Called Strike 0-2: Foul Ball, location: 2F 0-2: Ball 1-2: Ball 2-2: Ball 3-2: Fly out, F8 (Flyball, 8LM, EV 92.5 MPH)
|
|
Batting: RHB Rick Fell
|
0-0: Foul Ball, location: 2F 0-1: SINGLE (Groundball, 56D, EV 101.9 MPH) Masumitsu Sugiura to second
|
|
Batting: RHB Manuel Taveras
|
0-0: Ball 1-0: Ball 2-0: Fielders Choice at 2nd, 6-4 (Groundball, 6, EV 85.0 MPH)
|
| Bottom of the 6th over - 0 runs, 2 hits, 0 errors, 2 left on base; Syracuse 6 - New Orleans 5 |
| TOP OF THE 7TH |
|
Syracuse Chiefs batting - Pitching for New Orleans Zephyrs : RHP Alberto Negrete
|
|
Batting: LHB Pat Aviles
|
0-0: Ball 1-0: Fly out, F8 (Flyball, 8LM, EV 83.8 MPH)
|
|
Batting: RHB Antonio Laurel
|
0-0: Ball 1-0: Ball 2-0: Called Strike 2-1: Called Strike 2-2: Ground out 5-3 (Groundball, 56, EV 109.4 MPH)
|
|
Batting: LHB Alexis Cantu
|
0-0: Called Strike 0-1: Ball 1-1: Ball 2-1: Ball 3-1: Base on Balls
|
|
Batting: RHB Kevin Whitenack
|
0-0: Ball 1-0: Swinging Strike 1-1: Ball Wild Pitch! Alexis Cantu to second 2-1: Ball 3-1: TRIPLE (Flyball, 89XD, EV 90.6 MPH) Alexis Cantu scores
|
|
Batting: LHB Kyung-jin Cho
|
0-0: Ball 1-0: Ball 2-0: Ball 3-0: Base on Balls
|
|
Batting: RHB Steve Perez
|
0-0: Called Strike 0-1: Foul Ball, location: 2F 0-2: Ball 1-2: Foul Ball, location: 2F 1-2: Ground out 1-3 (Groundball, 13S, EV 68.1 MPH)
|
| Top of the 7th over - 1 run, 1 hit, 0 errors, 2 left on base; Syracuse 7 - New Orleans 5 |
| BOTTOM OF THE 7TH |
|
New Orleans Zephyrs batting - Pitching for Syracuse Chiefs : RHP Ruben Nevarel
|
|
Pitching: LHP Kerry Baty
|
|
|
Batting: RHB Adam McGurn
|
0-0: Ball 1-0: Ball 2-0: Foul Ball, location: 2F 2-1: Ball 3-1: Base on Balls
|
|
Batting: LHB Eric Bailey
|
0-0: Fly out, F7 (Flyball, 7, EV 84.4 MPH)
|
|
Batting: RHB Jack Power
|
0-0: Ball 1-0: Called Strike Adam McGurn steals 2nd, throwing error, E2 Adam McGurn to third 1-1: Ball 2-1: Ball 3-1: Foul Ball, location: 2F 3-2: Base on Balls
|
|
Batting: SHB Jordan Barragan
|
0-0: Ball 1-0: Ball 2-0: Called Strike 2-1: SINGLE (Groundball, 56, EV 105.6 MPH) Adam McGurn scores Jack Power to second
|
|
Batting: RHB Torquato Obawole
|
0-0: Called Strike 0-1: Fly out, F8 (Flyball, 89M, EV 86.9 MPH)
|
|
Batting: RHB Masumitsu Sugiura
|
0-0: Called Strike 0-1: Swinging Strike 0-2: Strikes out looking
|
| Bottom of the 7th over - 1 run, 1 hit, 1 error, 2 left on base; Syracuse 7 - New Orleans 6 |
| TOP OF THE 8TH |
|
Syracuse Chiefs batting - Pitching for New Orleans Zephyrs : RHP Alberto Negrete
|
|
Pitching: RHP J.P. Wilson
|
|
|
Batting: RHB Jim Miske
|
0-0: Ball 1-0: Fly out, F8 (Flyball, 8LD, EV 91.2 MPH)
|
|
Batting: LHB Tom Reynolds
|
0-0: Called Strike 0-1: Ball 1-1: Ball 2-1: Ball 3-1: Foul Ball, location: 2F 3-2: Fly out, F8 (Line Drive, 8LD, EV 83.8 MPH)
|
|
Batting: RHB Rafael Medina
|
0-0: Ball 1-0: Ball 2-0: Foul Ball, location: 2F 2-1: SINGLE (Groundball, 4D, EV 97.5 MPH)
|
|
Batting: LHB Pat Aviles
|
0-0: Called Strike 0-1: Called Strike 0-2: Ball 1-2: Foul Ball, location: 2F 1-2: Ball 2-2: Foul Ball, location: 2F 2-2: Strikes out looking
|
| Top of the 8th over - 0 runs, 1 hit, 0 errors, 1 left on base; Syracuse 7 - New Orleans 6 |
| BOTTOM OF THE 8TH |
|
New Orleans Zephyrs batting - Pitching for Syracuse Chiefs : LHP Kerry Baty
|
|
Pitching: RHP Stacey Kerssies
|
|
|
Batting: LHB David Doge
|
0-0: Called Strike 0-1: Ball 1-1: Swinging Strike 1-2: Strikes out looking
|
|
Batting: RHB Rick Fell
|
0-0: Swinging Strike 0-1: Ball 1-1: Ball 2-1: Swinging Strike 2-2: Ball 3-2: Strikes out swinging
|
|
Batting: RHB Manuel Taveras
|
0-0: Foul Ball, location: 2F 0-1: Ball 1-1: Called Strike 1-2: Strikes out swinging
|
| Bottom of the 8th over - 0 runs, 0 hits, 0 errors, 0 left on base; Syracuse 7 - New Orleans 6 |
| TOP OF THE 9TH |
|
Syracuse Chiefs batting - Pitching for New Orleans Zephyrs : RHP J.P. Wilson
|
|
Pitching: LHP Nick Gore
|
|
|
Batting: RHB Antonio Laurel
|
0-0: Ball 1-0: Foul Ball, location: 2F 1-1: Ground out 5-3 (Groundball, 5S, EV 86.9 MPH)
|
|
Batting: LHB Alexis Cantu
|
0-0: Called Strike 0-1: Called Strike 0-2: Foul Ball, location: 2F 0-2: Ball 1-2: Ball 2-2: Strikes out looking
|
|
Batting: RHB Kevin Whitenack
|
0-0: Ball 1-0: Ball 2-0: Foul Ball, location: 3F, Error on foul ball, E3 2-1: Foul Ball, location: 2F 2-2: Foul Ball, location: 2F 2-2: Strikes out looking
|
| Top of the 9th over - 0 runs, 0 hits, 1 error, 0 left on base; Syracuse 7 - New Orleans 6 |
| BOTTOM OF THE 9TH |
|
New Orleans Zephyrs batting - Pitching for Syracuse Chiefs : RHP Stacey Kerssies
|
|
Pitching: RHP Gareth Cutts
|
|
|
Batting: RHB Adam McGurn
|
0-0: SINGLE (Groundball, 56D, EV 96.2 MPH)
|
|
Batting: LHB Eric Bailey
|
0-0: Called Strike 0-1: Foul Ball, location: 2F 0-2: 2-RUN HOME RUN (Flyball, 89XD, EV 97.5 MPH), Distance : 411 ft
|
| Bottom of the 9th over - 2 runs, 2 hits, 0 errors, 0 left on base; Syracuse 7 - New Orleans 8 |
|